 Dungeon Crawl Stone Soup version 0.32-a0-841-g4648e6c457 (webtiles) character file.

Game seed: 12210235931628025417

19 cforsyth the Caller (level 2, 0/15 HPs)
             Began as a Deep Elf Summoner on Mar 26, 2024.
             Slain by an adder (4 damage)
             ... on level 2 of the Dungeon.
             The game lasted 00:02:29 (1038 turns).

cforsyth the Caller (Deep Elf Summoner)             Turns: 1038, Time: 00:02:29

Health: 0/15       AC:  3    Str:  5    XL:     2   Next: 55%
Magic:  5/8        EV: 11    Int: 19    God:
Gold:   68         SH:  0    Dex: 15    Spells: 5/8 levels left

rFire   . . .        (no weapon)
rCold   . . .        (no shield)
rNeg    . . .        a - +0 robe
rPois   .            (no helmet)
rElec   .            (no cloak)
rCorr   .            (no gloves)
SInv    .            f - +0 pair of boots
Will    +....        (no amulet)
Stlth   ++           (no ring)
HPRegen 0.22/turn    (no ring)
MPRegen 0.11/turn

%: no passive effects
@: lethally poisoned (0 -> -2), enlightened, flying
A: no striking features
a: no special abilities


You were on level 2 of the Dungeon.
You visited 1 branch of the dungeon, and saw 2 of its levels.

You collected 68 gold pieces.


   Skills:
 - Level 2.4 Dodging
 - Level 2.4 Stealth
 + Level 3.8 Spellcasting
 + Level 4.8 Summonings


You had 5 spell levels left.
You knew the following spells:

 Your Spells              Type           Power      Damage    Failure   Level
c - Call Imp              Summ           44%        N/A       3%          2
z - Summon Small Mammal   Summ           88%        N/A       1%          1

Your spell library contained the following spells:

 Spells                   Type           Power      Damage    Failure   Level
 Call Canine Familiar     Summ           22%        N/A       6%          3
 Summon Blazeheart Golem  Fire/Summ      12%        N/A       45%         4
 Summon Lightning Spire   Summ/Air       12%        N/A       45%         4

Inventory:

Missiles
 j - a throwing net {=f}
Armour
 a - a +0 robe (worn)
 f - a +0 pair of boots (worn)
Scrolls
 d - 2 scrolls of identify {unknown}
 h - a scroll of enchant armour {unknown}
 i - a scroll of enchant weapon {unknown}
Potions
 b - a potion of magic
 c - 2 potions of curing {unknown}
 e - a potion of heal wounds {unknown}
 g - 2 potions of enlightenment

Dungeon Overview and Level Annotations

Branches:
Dungeon (2/15)

Altars:

.##.......# #. .#
.#######.## #.# .#
.........# #.# .#
.........# #.# .#
.........#####.#+#.#
...................#
....†...........rb.#
..........####..S.###
.<..............@...#
.........#####....#.#
.................##.#
.........######### #
.........# ##########


You could see an adder (ally target), a friendly quokka (summoned) and a
friendly bat (summoned).


Message History

Your quokka bites the adder but does no damage.
The adder bites your quokka.
Your quokka completely misses the adder.
The adder bites your quokka.
Your quokka dies!
Your quokka's corpse disappears in a puff of smoke!
The adder bites your rat.
Your rat dies!
Your rat's corpse disappears in a puff of smoke!
The adder bites you.
You are poisoned.
The adder poisons you!
You feel sick. The adder bites you but does no damage. The adder bites you.
You are more poisoned.
The adder poisons you!
Your quokka closely misses the adder.
You feel sick. The adder barely misses you.
Your quokka misses the adder.
Your bat hits the adder but does no damage.
You feel sick.
Your bat closely misses the adder.
The adder bites you but does no damage.
Your quokka bites the adder.
You feel sick. The adder attacks as it pursues you! The adder misses you.
Your bat hits the adder but does no damage.
Your quokka misses the adder. The adder closely misses you.
Your bat hits the adder.
You feel sick.
Your bat closely misses the adder.
Your quokka misses the adder. The adder barely misses you.
Your quokka closely misses the adder.
You feel sick.
Your bat barely misses the adder.
It was a potion of enlightenment.
You feel very buoyant.
You fly up into the air.
You feel sick. The adder bites you.
You die...

Action                     || total
---------------------------++-------
  Melee: Unarmed           ||     6
   Cast: Summon Small Mamm ||    31
         Call Imp          ||     3
    Use: Potion            ||     1
 Armour: Robe              ||    13
  Dodge: Dodged            ||     7

Levels and vault maps discovered:
D:1:      dpeg_arrival_rooms_a, layout_loops_ring,
          chequers_ecumenical_altar_simple_redux
D:2:      layout_basic

Notes
Turn   | Place    | Note
-------+----------+-------------------------------------------
     0 | D:1      | cforsyth the Deep Elf Summoner began the quest for the Orb.
     0 | D:1      | Reached XP level 1. HP: 10/10 MP: 6/6
    72 | D:1      | Found a faded altar of an unknown god.
   265 | D:1      | Reached XP level 2. HP: 11/15 MP: 6/8
   290 | D:1      | Learned a level 2 spell: Call Imp
  1038 | D:2      | Slain by an adder

Vanquished Creatures
  An endoplasm (D:1)
1 creature vanquished.

Vanquished Creatures (collateral kills)
  A ball python (D:1)
  5 endoplasms (D:1)
  A giant cockroach (D:1)
  A hobgoblin (D:2)
  2 quokkas (D:1)
  2 bats (D:1)
  2 frilled lizards (D:2)
  A goblin (D:1)
  A kobold (D:1)
16 creatures vanquished.

Grand Total: 17 creatures vanquished

Table legend: (Time is in decaauts)
 A = Elapsed time spent in this place.
 B = Non-inter-level travel time spent in this place.
 C = Inter-level travel time spent in this place.
 D = Time resting spent in this place.
 E = Time spent auto-exploring this place.
 F = Levels seen in this place.
 G = Mean time per level.
                   A        B        C        D        E       F      G
               +--------+--------+--------+--------+--------+-----+--------+
         Total |   1037 |   1019 |     18 |      0 |    786 |   2 |  518.5 |
       Dungeon |   1037 |   1019 |     18 |      0 |    786 |   2 |  518.5 |
               +--------+--------+--------+--------+--------+-----+--------+

Top non-repeatable levels by time:
     D:1: 862 daAuts
     D:2: 175 daAuts

Table legend:
 A = Non-vault XP
 B = Vault XP
 C = Vault XP percentage of total XP
 D = Non-vault monster count
 E = Vault monster count
 F = Vault count percentage of total count
                 A         B        C        D         E       F
            +---------+---------+-------+---------+---------+-------
      Total |      28 |       0 |   0.0 |      17 |       0 |   0.0
            +---------+---------+-------+---------+---------+-------
        D:1 |      24 |       0 |   0.0 |      14 |       0 |   0.0
        D:2 |       4 |       0 |   0.0 |       3 |       0 |   0.0
            +---------+---------+-------+---------+---------+-------
